 Dungeon Crawl Stone Soup version 0.13-a0-3076-g221303f (webtiles) character file.

210921 Malachi the Blocker (level 18, -35/159 HPs)
             Began as a Lava Orc Fighter on Sept 17, 2013.
             Was a High Priest of Okawaru.
             Killed from afar by Jory (58 damage)
             ... with a crystal spear
             ... on Level 26 of the Dungeon.
             The game lasted 02:01:02 (42163 turns).

Malachi the Blocker (Lava Orc Fighter)             Turns: 42163, Time: 02:01:02

HP -35/159       AC 32     Str 27      XL: 18   Next: 54%
MP  31/31        EV  6     Int 10      God: Okawaru [*****.]
Gold 1067        SH 46     Dex 10      Spells:  0 memorised, 17 levels left

Res.Fire  : + + +   See Invis. : +   O - +4,+9 flail "Pruecw" {drain, -Tele rElec I Res.Cold : + . . Warding : . w - +4 plate armour {rC+} Life Prot.: . . . Conserve : . F - +0 large shield
Res.Poison: +       Res.Corr.  : .   E - +2 helmet
Res.Elec. : +       Clarity    : .   i - +1 elf cloak {rPois}
Sust.Abil.: . .     Spirit.Shd : .   V - +0 pair of gloves
Res.Mut.  : .       Prev.Telep.: +   Z - +2 pair of boots {Stlth+}
Res.Rott. : .       Flight     : .   P - amulet of the gourmand
Gourmand  : +                        B - ring of see invisible
                                     q - +0,+7 ring of slaying

@: quick, quite resistant to hostile enchantments, extremely unstealthy
A: cold resistance 1, conserve scrolls, magic resistance 1, saprovore 1, spit
poison 1
a: Spit Poison, Heroism, Finesse, Renounce Religion


You were on level 26 of the Dungeon.
You worshipped Okawaru.
Okawaru was exalted by your worship.
You were not hungry.

You visited 3 branches of the dungeon, and saw 29 of its levels.

You collected 1869 gold pieces.
You spent 822 gold pieces at shops.

Inventory:

Hand weapons
 C - the +1,+3 demon whip of Pain and Death {freeze, +Rage +Inv rN+}
   (You bought it in a shop on level 15 of the Dungeon)

   It has been specially enchanted to freeze those struck by it, causing extra
   injury to most foes and up to double damage against particularly susceptible
   opponents.
   It can also slow down cold-blooded creatures.
   It protects you from negative energy.
   It lets you turn invisible.
   It lets you go berserk.
 G - a +3,+3 whip of electrocution
 M - a +7,+0 demon whip of venom
 O - the +4,+9 flail "Pruecw" (weapon) {drain, -Tele rElec Int+2}
   (You found it on level 8 of the Dungeon)

   A truly terrible weapon, it drains the life of those it strikes.
   It affects your intelligence (+2).
   It insulates you from electricity.
   It prevents most forms of teleportation.
 T - the +0,+0 mace of Dung {freeze, +Blink rElec rC+ Str+2 Int-1}
   (Okawaru gifted it to you on level 19 of the Dungeon)

   It has been specially enchanted to freeze those struck by it, causing extra
   injury to most foes and up to double damage against particularly susceptible
   opponents.
   It can also slow down cold-blooded creatures.
   It affects your strength (+2).
   It affects your intelligence (-1).
   It protects you from cold.
   It insulates you from electricity.
   It lets you blink.
 Y - the +9,+6 mace "Widowmaker" {crush, +Rage MR++ Str+2 Dex+3}
   (You bought it in a shop on level 15 of the Dungeon)

   It inflicts extra damage upon your enemies.
   It affects your strength (+2).
   It affects your dexterity (+3).
   It affects your resistance to hostile enchantments.
   It lets you go berserk.
Armour
 g - a +1 shield of fire resistance
 i - a +1 elven cloak of poison resistance (worn)
 w - a +4 plate armour of cold resistance (worn)
 E - a +2 helmet (worn)
 F - a +0 large shield (worn)
 V - a +0 pair of gloves (worn)
 Z - a +2 pair of boots of stealth (worn)
Magical devices
 l - a wand of teleportation (4)
 z - a wand of digging (15)
Comestibles
 d - 8 meat rations
 p - 11 bread rations
 J - 2 bananas
 S - 6 chokos
Scrolls
 a - 3 scrolls of fog
 b - 4 scrolls of blinking
 s - 12 scrolls of remove curse
 t - 5 scrolls of teleportation
 v - 3 scrolls of magic mapping
 y - a scroll of enchant weapon I
 Q - 2 scrolls of fear
 U - 2 scrolls of recharging
 X - 7 scrolls of identify
Jewellery
 e - an uncursed amulet of conservation
 k - an uncursed ring of teleportation
 q - a +0,+7 ring of slaying (left hand)
 r - an uncursed amulet of warding {unknown}
 x - an uncursed amulet of faith
 B - a ring of see invisible (right hand)
 H - an uncursed amulet of warding {unknown}
 I - an uncursed amulet of resist corrosion
 N - the ring "Clanipoa" {rN+ Stlth++}
   (You took it off a necromancer on level 24 of the Dungeon)

   [ring of positive energy]

   It makes you much more stealthy.
 P - an amulet of the gourmand (around neck)
Potions
 c - a potion of restore abilities
 n - 8 potions of curing
 A - a potion of cure mutation
 K - a potion of magic
 W - 3 potions of brilliance
Books
 f - a book of Clouds

   Spells                             Type                      Level
   Mephitic Cloud                     Conjuration/Poison/Air       3
   Conjure Flame                      Conjuration/Fire             3
   Poisonous Cloud                    Conjuration/Poison/Air       6
   Freezing Cloud                     Conjuration/Ice/Air          6
   Ring of Flames                     Charms/Fire                  7
 o - a book of Geomancy

   Spells                             Type                      Level
   Sandblast                          Earth                        1
   Stoneskin                          Transmutation/Earth          2
   Passwall                           Transmutation/Earth          3
   Stone Arrow                        Conjuration/Earth            3
   Petrify                            Transmutation/Earth          4
   Lee's Rapid Deconstruction         Earth                        5
 D - a book of Debilitation

   Spells                             Type                      Level
   Corona                             Hexes                        1
   Slow                               Hexes                        2
   Inner Flame                        Hexes/Fire                   3
   Enslavement                        Hexes                        4
   Cause Fear                         Hexes                        4
   Leda's Liquefaction                Hexes/Earth                  4
 L - a book of Power

   Spells                             Type                      Level
   Iskenderun's Mystic Blast          Conjuration                  4
   Venom Bolt                         Conjuration/Poison           5
   Bolt of Magma                      Conjuration/Fire/Earth       5
   Fulminant Prism                    Conjuration/Hexes            5
   Iron Shot                          Conjuration/Earth            6
   Orb of Destruction                 Conjuration                  7
 R - a book of War Chants

   Spells                             Type                      Level
   Fire Brand                         Charms/Fire                  2
   Freezing Aura                      Charms/Ice                   2
   Shroud of Golubria                 Charms/Translocation         2
   Repel Missiles                     Charms/Air                   2
   Poison Weapon                      Charms/Poison                3
   Regeneration                       Charms/Necromancy            3
Miscellaneous
 h - a phial of floods
 j - a fan of gales
 m - a phial of floods
 u - a lamp of fire


   Skills:
 + Level 14.9 Fighting
 + Level 17.5 Maces & Flails
 + Level 14.9 Armour
 + Level 8.4 Dodging
 - Level 0.8 Stealth
 + Level 18.7 Shields
 * Level 11.1 Invocations
 - Level 10.2 Evocations


You had 17 spell levels left.
You didn't know any spells.

Dungeon Overview and Level Annotations

Branches:
Dungeon (26/27)            Temple (1/1) D:4             Orc (0/4) D:7
   Lair (2/8) D:12         Vaults (0/5) D:19

Altars:
Ashenzari
Cheibriados
Elyvilon
Fedhas
Kikubaaqudgha
Makhleb
Nemelex Xobeh
Okawaru
Sif Muna
Trog
Vehumet
Xom
Yredelemnul
Zin
the Shining One

Shops:
D:5 (   D:7 *   D:15 (

Portals:
Hell: D:21 D:22 D:23 D:24 D:25
Abyss: D:21 D:24 D:25
Pandemonium: D:21 D:23 D:24

Annotations:
D:14 exclusion: oklob sapling
D:26 Jory


Innate Abilities, Weirdness & Mutations

You have stony skin.
You cover ground quickly.
Your flesh is almost immune to the effects of heat.
Your fire spells are more powerful.
Your flesh is vulnerable to cold.
Your heat harms attackers.
You bathe your surroundings in blazing heat.
You are too hot to use scrolls.
You are very good at protecting items from fire.
You can tolerate rotten meat.
Your flesh is cold resistant.
You are resistant to hostile enchantments.
You can spit poison.


Message History

Jory is moderately damaged.
Jory casts a spell at you. The crystal spear hits you!
* * * LOW HITPOINT WARNING * * *
You are too injured to fight recklessly!
Unknown command.
You are too injured to fight recklessly!
Unknown command.
You are too injured to fight recklessly!
Unknown command.
The electric eel shoots out a bolt of electricity!
The bolt of electricity misses you. The bolt of electricity hits you!
You resist.
* * * LOW HITPOINT WARNING * * *
The electric eel shoots out a bolt of electricity!
The bolt of electricity hits you! You resist.
* * * LOW HITPOINT WARNING * * *
Jory casts a spell at you. The crystal spear hits you!
You die...

≈≈≈≈≈≈≈≈≈≈≈ ≈≈≈≈...;≈;;;≈
..≈≈≈.....≈;≈≈≈ ...≈≈≈.........
.....≈........#######
.....?.≈....####$......
.$....$V..###......≈≈§≈
.................≈≈≈≈≈≈ ###
#########@......≈≈≈≈≈≈≈≈
..####### #.......≈≈≈≈≈≈≈§
..##....########...≈§§§.≈≈≈≈§≈≈
..''.⌠..''.>.''.....≈≈≈§.).≈≈≈
<.##....########....§§§.......
..####### #.............. ###
##############


You could see Jory, a shark (frenzied) and 2 electric eels.

Vanquished Creatures
  Mennas (D:24)
  Frederick (D:21)
  A titan (D:24)
  3 sphinxes
  Rupert (D:19)
  A lich (D:25)
  A tengu reaver (D:24)
  A storm dragon (D:25)
  3 frost giants
  A deep elf sorcerer (D:24)
  Maud (D:16)
  Jorgrun (D:18)
  6 stone giants
  A deep elf annihilator (D:24)
  3 dragons
  2 ettins
  16 yaktaur captains
  2 hydras
  A deep elf high priest (D:24)
  9 deep troll shamans
  2 death yaks (D:13)
  12 deep troll earth magi
  2 fire crabs (D:22)
  10 ogre magi
  A very ugly thing (D:25)
  21 centaur warriors
  An orc high priest (D:23)
  4 wizards
  5 skeletal warriors
  3 deep elf knights
  21 deep trolls
  5 large abominations (D:18)
  11 hill giants
  3 iron trolls
  A necromancer (D:24)
  5 unseen horrors
  Erolcha (D:11)
  Pikel (D:5)
  6 giant amoebae
  18 orc knights
  2 phantasmal warriors (D:25)
  A cyclops (shapeshifter) (D:20)
  2 orc sorcerers
  4 deep elf conjurers
  3 flayed ghosts
  3 wolf spiders
  4 harpies (D:19)
  A shadow dragon skeleton (D:23)
  3 red wasps
  2 stone golems
  5 stone giant zombies
  A sphinx skeleton (D:20)
  11 stone giant skeletons
  2 fire giant skeletons
  10 cyclopes
  An orange demon (D:23)
  A spiny worm (D:18)
  2 frost giant skeletons
  8 griffons
  An eye of devastation (shapeshifter) (D:24)
  An iron devil (D:23)
  17 trolls
  58 yaktaurs
  4 deep elf priests
  4 wandering mushrooms (D:14)
  A hellwing (D:23)
  A komodo dragon (Lair:1)
  Sonja (D:10)
  The ghost of Malachi the Ducker, an average TrWz (D:3)
  15 two-headed ogres
  41 slime creatures
  A dragon zombie (D:18)
  2 ettin zombies
  2 fire vortices (D:26)
  4 boulder beetles
  A griffon zombie (D:19)
  A hydra skeleton (D:15)
  A red wasp zombie (D:18)
  A blink frog (shapeshifter) (D:22)
  An ice dragon zombie (D:16)
  A basilisk (shapeshifter) (D:20)
  A basilisk (D:18)
  An octopode (shapeshifter) (D:24)
  4 grizzly bears (D:13)
  An ettin skeleton (D:23)
  A ynoxinul (D:21)
  An ice dragon skeleton (D:18)
  A trapdoor spider (D:16)
  A redback (shapeshifter) (D:18)
  80 ugly things
  A redback (D:20)
  3 water elementals
  6 wraiths
  A hill giant zombie (D:9)
  40 yaks
  Eustachio (D:8)
  2 wyverns
  6 hippogriffs
  4 shadows
  2 spiny worm zombies
  Grum (D:11)
  4 deep elf magi
  6 sharks
  6 hungry ghosts
  A clay golem (D:20)
  A manticore (D:16)
  8 wolves
  24 vampire mosquitoes
  The ghost of Malachi the Ruinous, an average DgCj (D:4)
  A fire elemental (D:26)
  7 deep elf fighters
  2 rock worms
  4 hill giant skeletons
  Edmund (D:5)
  A necrophage (D:8)
  A deep troll zombie (D:24)
  2 soldier ants
  8 small abominations
  5 freezing wraiths
  2 deep troll skeletons
  6 black bears
  2 porcupines (Lair:1)
  3 sky beasts
  A yellow wasp (D:12)
  A dwarf (shapeshifter) (D:20)
  5 ice beasts
  27 orc warriors
  4 mottled dragons
  41 ogres
  An ettin simulacrum (D:22)
  2 boring beetles
  2 phantoms
  4 slaves (D:5)
  A giant goldfish (D:9)
  14 centaurs
  3 crocodiles
  4 wargs
  Sigmund (D:3)
  7 big kobolds
  A giant slug (shapeshifter) (D:18)
  A big kobold (shapeshifter) (D:13)
  A giant slug (D:18)
  A water moccasin (Lair:1)
  A brain worm (shapeshifter) (D:20)
  A wyvern zombie (D:11)
  5 brain worms
  15 giant frogs
  A manticore zombie (D:14)
  An eye of draining (D:14)
  A gnoll sergeant (D:9)
  A yaktaur skeleton (D:20)
  3 agate snails
  A glowing shapeshifter simulacrum (D:24)
  4 lava fish (D:26)
  A troll zombie (D:7)
  A yak zombie (D:10)
  A hippogriff zombie (D:6)
  11 killer bees
  8 jellyfish
  A yak skeleton (D:13)
  7 crimson imps
  4 big fish
  6 goliath beetles
  2 yaktaur simulacra
  5 electric eels
  8 lava snakes (D:26)
  5 iguanas
  2 quasits
  A two-headed ogre zombie (D:12)
  2 giant frog skeletons
  2 jellies
  9 orc priests
  8 hounds
  8 worker ants
  16 orc wizards
  4 scorpions
  A hippogriff simulacrum (D:14)
  A water moccasin skeleton (D:8)
  8 sheep
  7 ogre zombies (D:7)
  An ogre skeleton (D:8)
  3 boggarts (D:20)
  A mummy (D:7)
  7 green rats (Lair:1)
  19 adders
  7 gnolls
  A white imp (D:8)
  5 giant centipedes
  5 worms
  A giant mite (D:4)
  A goliath beetle zombie (D:6)
  2 ufetubi (D:21)
  A giant centipede zombie (D:14)
  An adder skeleton (D:4)
  2 giant eyeballs
  8 giant geckos
  2 oozes
  58 orcs
  3 ball pythons
  5 giant cockroaches
  19 goblins
  17 hobgoblins
  49 kobolds
  7 quokkas
  16 bats
  5 giant newts
  A goblin skeleton (D:2)
  2 goblin zombies (D:7)
  2 hobgoblin skeletons
  5 hobgoblin zombies
  10 jackals
  A jackal zombie (D:2)
  2 kobold skeletons
  5 orc skeletons
  17 orc zombies
  A quokka skeleton (D:4)
  22 rats
  9 ballistomycetes
  2 plants (D:12)
1279 creatures vanquished.

Vanquished Creatures (others)
  A yaktaur (D:25)
  An ogre (D:23)
  An orc wizard (D:14)
  A boggart (D:20)
  3 orcs
  A bat (D:6)
  4 giant spores
  A ballistomycete (D:12)
  3 plants (D:12)
16 creatures vanquished.

Grand Total: 1295 creatures vanquished

Notes
Turn   | Place    | Note
--------------------------------------------------------------
     0 | D:1      | Malachi, the Lava Orc Fighter, began the quest for the Orb.
     0 | D:1      | Reached XP level 1. HP: 19/19 MP: 0/0
   172 | D:1      | Reached XP level 2. HP: 26/26 MP: 1/1
   367 | D:1      | Reached skill level 4 in Fighting
   587 | D:1      | Reached XP level 3. HP: 29/33 MP: 2/2
  1247 | D:2      | Found a basalt altar of Yredelemnul.
  1300 | D:2      | Reached XP level 4. HP: 40/40 MP: 3/3
  1384 | D:3      | Noticed Malachi's ghost (average TrWz)
  1401 | D:3      | Killed Malachi's ghost
  1401 | D:3      | Reached skill level 1 in Dodging
  1401 | D:3      | Reached skill level 5 in Shields
  1401 | D:3      | Reached XP level 5. HP: 25/46 MP: 4/4
  1401 | D:3      | Reached XP level 6. HP: 28/53 MP: 5/5
  1695 | D:3      | Noticed Sigmund
  1704 | D:3      | Killed Sigmund
  1704 | D:3      | Reached skill level 5 in Armour
  2472 | D:4      | Found a staircase to the Ecumenical Temple.
  2550 | Temple   | Entered the Ecumenical Temple
  2821 | Temple   | Became a worshipper of Warmaster Okawaru
  2935 | D:4      | Reached XP level 7. HP: 29/60 MP: 6/6
  2938 | D:4      | Reached skill level 5 in Fighting
  3385 | D:4      | Noticed Malachi's ghost (average DgCj)
  3398 | D:4      | Killed Malachi's ghost
  3398 | D:4      | Reached skill level 6 in Armour
  3747 | D:4      | Found a shattered altar of Ashenzari.
  3871 | D:4      | Acquired Okawaru's first power
  3895 | D:5      | Entered Level 5 of the Dungeon
  3967 | D:5      | Noticed Edmund
  3974 | D:5      | Reached XP level 8. HP: 54/68 MP: 7/7
  3978 | D:5      | Killed Edmund
  4221 | D:5      | Noticed Pikel
  4244 | D:5      | Reached skill level 5 in Maces & Flails
  4911 | D:5      | Reached skill level 7 in Armour
  5466 | D:6      | Found a snail-covered altar of Cheibriados.
  5875 | D:5      | Reached skill level 8 in Armour
  5943 | D:5      | Paralysed by a giant eyeball for 4 turns
  5949 | D:5      | Paralysed by a giant eyeball for 4 turns
  5968 | D:5      | Found Cowey's Weapon Emporium.
  6026 | D:5      | Killed Pikel
  6026 | D:5      | Reached XP level 9. HP: 52/74 MP: 6/8
  6527 | D:7      | Found a staircase to the Orcish Mines.
  6551 | D:7      | Reached skill level 1 in Invocations
  6582 | D:7      | Reached skill level 9 in Armour
  6824 | D:7      | Noticed an angel
  6825 | D:7      | Found Ovviani's Hallowed Reliquary.
  6827 | D:7      | Found a glowing silver altar of Zin.
  6842 | D:7      | Bought a potion of heal wounds for 42 gold pieces
  7025 | D:7      | Reached XP level 10. HP: 63/83 MP: 10/10
  7253 | D:8      | Noticed Eustachio
  7266 | D:8      | Killed Eustachio
  7287 | D:8      | Got an iridescent flail
  7288 | D:8      | Identified the flail "Pruecw" {drain, -Tele rElec Int+2} (You found it on level 8 of the Dungeon)
  8039 | D:9      | Found a bloodstained altar of Trog.
  8107 | D:9      | Reached skill level 10 in Shields
  8277 | D:9      | Reached skill level 10 in Armour
  8710 | D:9      | Identified a scroll of acquirement
  8738 | D:10     | Entered Level 10 of the Dungeon
  8831 | D:10     | Noticed Sonja
  8861 | D:10     | Killed Sonja
  8861 | D:10     | Acquired Okawaru's second power
  9346 | D:10     | Noticed a hill giant
  9353 | D:10     | Killed a hill giant
  9353 | D:10     | Reached XP level 11. HP: 91/91 MP: 12/12
 10195 | D:11     | Noticed Grum
 10197 | D:11     | Noticed a hill giant
 10198 | D:11     | Noticed a six-headed hydra
 10203 | D:11     | Killed Grum
 10396 | D:11     | Reached skill level 11 in Shields
 10401 | D:11     | Received a gift from Okawaru
 10459 | D:11     | Killed a hill giant
 10529 | D:11     | Noticed Erolcha
 10545 | D:11     | Killed Erolcha
 10713 | D:11     | Paralysed by a potion of paralysis for 5 turns
 10718 | D:11     | Gained mutation: You are resistant to hostile enchantments. [potion of mutation]
 10718 | D:11     | Gained mutation: You can spit poison. [potion of mutation]
 10718 | D:11     | Gained mutation: Your flesh is cold resistant. [potion of mutation]
 10916 | D:11     | Reached skill level 10 in Maces & Flails
 10944 | D:11     | Got a transparent sabre
 10945 | D:11     | Identified the sabre "Beojih" {elec, +Inv rF++ rC- rN+ Int+3} (You found it on level 11 of the Dungeon)
 11069 | D:11     | Killed a six-headed hydra
 11489 | D:12     | Received a gift from Okawaru
 11815 | D:12     | Paralysed by a giant eyeball for 3 turns
 12172 | D:12     | Reached skill level 12 in Shields
 12186 | D:12     | Reached XP level 12. HP: 82/101 MP: 13/13
 12491 | D:12     | Got a wavering golden ring
 12531 | D:12     | Found a staircase to the Lair.
 13164 | D:13     | Found a labyrinth entrance.
 13289 | D:13     | Reached skill level 5 in Dodging
 13932 | D:14     | Entered Level 14 of the Dungeon
 13976 | D:14     | Reached skill level 13 in Shields
 14112 | D:14     | Received a gift from Okawaru
 14202 | D:14     | Reached skill level 1 in Evocations
 14259 | D:14     | Identified the cursed ring of the Frog {Str-4 Int+4} (You found it on level 12 of the Dungeon)
 14412 | D:14     | Reached skill level 10 in Fighting
 14480 | D:14     | Reached XP level 13. HP: 110/110 MP: 16/16
 14857 | D:14     | Found a blossoming altar of Fedhas.
 15260 | D:15     | Entered Level 15 of the Dungeon
 15531 | D:15     | Reached skill level 14 in Shields
 15823 | D:15     | Received a gift from Okawaru
 15941 | D:15     | Found Kahaagam's Antique Weapon Shop.
 15951 | D:15     | Bought an ichor-stained demon whip for 540 gold pieces
 15957 | D:15     | Identified the cursed demon whip of Pain and Death {freeze, +Rage +Inv rN+} (You bought it in a shop on level 15 of the Dungeon)
 16015 | D:15     | Bought an ancient mace for 240 gold pieces
 16025 | D:15     | Identified the mace "Widowmaker" {crush, +Rage MR++ Str+2 Dex+3} (You bought it in a shop on level 15 of the Dungeon)
 16412 | D:16     | Noticed Maud
 16436 | D:16     | Killed Maud
 16816 | D:16     | Received a gift from Okawaru
 16819 | D:16     | Got a faintly glowing helmet {god gift}
 16864 | D:16     | Identified the -4 helmet of Freedom {SInv} (Okawaru gifted it to you on level 16 of the Dungeon)
 17667 | D:16     | Reached XP level 14. HP: 110/119 MP: 20/20
 18333 | Lair:1   | Entered Level 1 of the Lair of Beasts
 19463 | D:17     | Reached skill level 5 in Evocations
 19995 | D:18     | Got a faintly humming cloak
 19999 | D:18     | Identified the +2 cloak "Mueghirph" {Str-5 Dex-4 Int+3} (You acquired it on level 18 of the Dungeon)
 20459 | D:18     | Noticed Jorgrun
 20507 | D:19     | Found a radiant altar of Vehumet.
 20953 | D:18     | Killed Jorgrun
 20953 | D:18     | Received a gift from Okawaru
 20953 | D:18     | Reached skill level 15 in Shields
 23362 | D:18     | Got a shimmering battleaxe
 23371 | D:18     | Identified the cursed battleaxe of Abomination {chop, +Rage +Inv} (You found it on level 18 of the Dungeon)
 23523 | D:19     | Reached XP level 15. HP: 124/128 MP: 22/24
 24259 | D:19     | Noticed Rupert
 24284 | D:19     | Killed Rupert
 24308 | D:19     | Received a gift from Okawaru
 24347 | D:19     | Got a brightly glowing mace {god gift}
 24348 | D:19     | Identified the mace of Dung {god gift, freeze, +Blink rElec rC+ Str+2 Int-1} (Okawaru gifted it to you on level 19 of the Dungeon)
 24916 | D:19     | Found a staircase to the Vaults.
 25273 | D:20     | Entered Level 20 of the Dungeon
 26214 | D:20     | Reached skill level 15 in Maces & Flails
 26218 | D:20     | Received a gift from Okawaru
 26218 | D:20     | Reached skill level 16 in Shields
 27887 | D:19     | Reached XP level 16. HP: 105/138 MP: 28/28
 28110 | D:20     | Received a gift from Okawaru
 29189 | D:21     | Found a one-way gate to the infinite horrors of the Abyss.
 29280 | D:21     | Found a gateway to Hell.
 29294 | D:21     | Found a snail-covered altar of Cheibriados.
 29295 | D:21     | Noticed Frederick
 29313 | D:21     | Killed Frederick
 29362 | D:21     | Found a one-way gate leading to the halls of Pandemonium.
 29704 | D:21     | Reached skill level 5 in Invocations
 30587 | D:21     | Reached skill level 10 in Evocations
 33781 | D:23     | Reached XP level 17. HP: 128/148 MP: 28/29
 34355 | D:23     | Reached skill level 17 in Shields
 35749 | D:24     | Noticed Mennas
 35779 | D:24     | Killed Mennas
 35937 | D:24     | Got a twitching tin ring
 35940 | D:24     | Identified the ring "Clanipoa" {rN+ Stlth++} (You took it off a necromancer on level 24 of the Dungeon)
 37069 | D:24     | Received a gift from Okawaru
 38563 | D:25     | Entered Level 25 of the Dungeon
 38854 | D:25     | Reached XP level 18. HP: 128/158 MP: 30/30
 38868 | D:25     | Reached skill level 10 in Invocations
 38869 | D:25     | Reached skill level 18 in Shields
 42150 | D:26     | Noticed Jory
 42163 | D:26     | Killed from afar by Jory

Action                   |  1- 3 |  4- 6 |  7- 9 | 10-12 | 13-15 | 16-18 || total
-------------------------+-------+-------+-------+-------+-------+-------++-------
Melee: Mace              |   128 |    92 |   262 |       |  1260 |  1570 ||  3312
       Whip              |       |       |   206 |   911 |   201 |       ||  1318
       Flail             |       |       |       |    61 |       |    22 ||    83
       Unarmed           |       |       |       |     4 |       |       ||     4
       Demon whip        |       |       |       |       |   267 |   137 ||   404
Invok: Heroism           |       |       |     3 |     6 |    24 |    48 ||    81
       Finesse           |       |       |       |       |     1 |     5 ||     6
 Abil: Spit Poison       |       |       |       |       |     3 |       ||     3
       Evoke Berserk Rag |       |       |       |       |     1 |     2 ||     3
Evoke: Wand              |       |       |       |     6 |     6 |     4 ||    16
  Use: Scroll            |     7 |     3 |     9 |    15 |    15 |     4 ||    53
       Potion            |       |       |       |     7 |     2 |     4 ||    13
 Stab: Fleeing           |       |       |       |     1 |       |       ||     1
